cohdb
Replays
Latest Replays
All Replays
Popular Replays
Top Player Replays
Match Explorer
How It Works
Community
CoH3 Stats
Reddit
Sign in to upload your games and track your stats! →
Sign in with Steam
Match 44389200
Unlisted
Match 44389200
Overview
Messages
Build Orders
End
Kettenkrad Recon Vehicle
Selects Italian Coastal Battlegroup
Selects Coastal Reserves
Coastal Reserve
Construct Infanterie Kompanie
MG 42 Machine Gun Team
Coastal Reserve
Construct Panzergrenadier Kompanie
Selects Artillery Officer
251 Medium Carrier
Artillery Officer
Coastal Reserve
Selects Support Bunkers
MG 42 Bunker
Support Elements
Selects Designated Artillery Overwatch
Selects Rapid Fortifications
Rapid Fortifications
Medical Bunker
StuG III G Assault Gun
AI Takeover
Saxil
AI
-=Thrawn=-
Lord Melchett
SHALDUN
Willeh
0
0
Comments
sign in to comment!
No comments posted yet!